 Dungeon Crawl Stone Soup version 0.18.1-6-gd335043 (webtiles) character file.

9650 shmeve the Blocker (level 11, -3/102 HPs)
             Began as a Minotaur Berserker on May 18, 2016.
             Was a High Priest of Trog.
             Slain by a komodo dragon (13 damage)
             ... on level 3 of the Lair of Beasts.
             The game lasted 00:26:14 (9543 turns).

shmeve the Blocker (Minotaur Berserker)             Turns: 9543, Time: 00:26:15

Health: -3/102     AC: 15    Str: 26    XL:     11   Next: 25%
Magic:  10/10      EV:  3    Int:  5    God:    Trog [*****.]
Gold:   820        SH: 14    Dex: 11    Spells: 0 memorised, 10 levels left

rFire  . . .     SeeInvis .     R - +3 war axe of Isomuint {flame, *Drain rN++ Str+3}
rCold  . . .     Gourm    .     n - +0 chain mail
rNeg   + + .     Faith    .     P - +0 large shield (curse)
rPois  .         Spirit   .     (helmet restricted)
rElec  .         Dismiss  .     w - +0 cloak
rCorr  +         Reflect  .     J - +2 pair of gloves
SustAt .         Harm     .     (no boots)
MR     ++...                    (no amulet)
Stlth  ..........               M - +3 ring of protection
                                q - ring of resist corrosion

@: regenerating, very heavily drained, very resistant to hostile enchantments,
extremely unstealthy
A: retaliatory headbutt, horns 2
a: Berserk, Trog's Hand, Brothers in Arms, Burn Spellbooks, Renounce Religion


You were on level 3 of the Lair of Beasts.
You worshipped Trog.
Trog was extremely pleased with you.
You were very hungry.

You visited 2 branches of the dungeon, and saw 11 of its levels.
You also visited: Ossuary.

You collected 820 gold pieces.

Inventory:

Hand Weapons
 D - a +1 antimagic broad axe
 R - the +3 war axe of Isomuint (weapon) {flame, *Drain rN++ Str+3}
   (You found it on level 4 of the Dungeon)

   It has been specially enchanted to burn those struck by it, causing extra
   injury to most foes and up to half again as much damage against particularly
   susceptible opponents.
   Big, fiery blades are also staple armaments of hydra-hunters.
   It affects your strength (+3).
   It greatly protects you from negative energy.
   It causes draining when unequipped.
Armour
 n - a +0 chain mail (worn)
 w - a +0 cloak (worn)
 J - a +2 pair of gloves (worn)
 P - a cursed +0 large shield (worn)
Jewellery
 q - a ring of resist corrosion (left hand)
 M - a +3 ring of protection (right hand)
Wands
 x - a wand of confusion (20/48)
 y - a wand of flame (6/48)
 N - a wand of digging (16/24)
Scrolls
 b - 2 scrolls of amnesia {unknown}
 d - 4 scrolls of random uselessness {unknown}
 f - 3 scrolls of recharging {unknown}
 g - 9 scrolls of identify {unknown}
 j - 10 scrolls of remove curse {unknown}
 k - 2 scrolls of noise {unknown}
 l - 5 scrolls of blinking {unknown}
 p - a scroll of fear {unknown}
 r - 3 scrolls of fog {unknown}
 u - 3 scrolls of magic mapping {unknown}
 z - a scroll of enchant weapon {unknown}
 A - 2 scrolls of enchant armour {unknown}
 B - a scroll of holy word {unknown}
 C - 4 scrolls of teleportation {unknown}
 G - 4 scrolls of immolation {unknown}
 O - a scroll of acquirement {unknown}
Potions
 a - 3 potions of brilliance {unknown}
 e - 4 potions of heal wounds {unknown}
 h - 2 potions of cancellation {unknown}
 i - 2 potions of magic {unknown}
 o - 12 potions of curing {unknown}
 s - 7 potions of flight {unknown}
 v - 3 potions of might {unknown}
 E - 3 potions of agility {unknown}
 F - 3 potions of degeneration {unknown}
 K - 3 potions of lignification {unknown}
 Q - a potion of invisibility {unknown}
Comestibles
 c - 7 bread rations
 m - 7 meat rations
 t - 2 slices of pizza
 I - 2 royal jellies
 L - a beef jerky


   Skills:
 * Level 11.0(2.8) Fighting
 * Level 11.0(2.8) Axes
 + Level 7.6(0.1) Armour
 + Level 6.8(0.0) Dodging
 * Level 11.1(2.9) Shields


You had 10 spell levels left.
You didn't know any spells.

Dungeon Overview and Level Annotations

Branches:
Dungeon (8/15)             Temple (0/1) D:7            Lair (3/8) D:8
  Swamp: Lair:3-6    Shoals: Lair:3-6     Snake: Lair:3-6    Spider: Lair:3-6

Altars:
Ashenzari
Elyvilon
Fedhas
Gozag
Pakellas
Yredelemnul
Zin
The Shining One

Annotations:
Lair:2 exclusion: oklob plant


Innate Abilities, Weirdness & Mutations

You reflexively headbutt those who attack you in melee.
You have a pair of horns on your head.


Message History

You hit the komodo dragon but do no damage.
The komodo dragon is lightly wounded.
The komodo dragon bites you but does no damage.
The komodo dragon bites you!!
* * * LOW HITPOINT WARNING * * *
You hit the komodo dragon. You burn the komodo dragon.
The komodo dragon is moderately wounded.
The komodo dragon bites you.
* * * LOW HITPOINT WARNING * * *
Unknown command.
You slash the komodo dragon! You burn the komodo dragon.
The komodo dragon is severely wounded.
The komodo dragon bites you.
* * * LOW HITPOINT WARNING * * *
The komodo dragon hisses menacingly.
You block the komodo dragon's attack.
You closely miss the komodo dragon. You headbutt the komodo dragon!
The komodo dragon is almost dead.
The komodo dragon bites you!
You die...

##....####.# #...#
#....## ##.###..##
##.#>####P.##.#..#
#...#.##...#.#.P#
#.P..........(†..
##.######...####.#
##...# ##..# ##.
##.l.## ##.[# ##.
#..@## #..## #P.
##..## ##..# ### ##..#
#.## ## ##.## ##.# #.
#P.# #..######. #..#
#..P##.##P #...#
###.##..... ......
##..........
.###>...............P#


You could see a komodo dragon.

Vanquished Creatures
  2 hydras (Lair:3)
  Sonja (Lair:3)
  A black mamba (Lair:3)
  2 komodo dragons
  A two-headed ogre (D:8)
  A polar bear (Lair:3)
  Sigmund (D:4)
  3 yaks (Lair:3)
  A basilisk (Lair:3)
  5 hippogriffs
  Edmund (D:4)
  3 water moccasins
  Duvessa (D:4)
  8 porcupines
  An ice beast (D:6)
  A black bear (Lair:2)
  2 phantoms
  An ogre (D:4)
  6 centaurs
  A crocodile (Lair:2)
  10 giant frogs
  A gnoll sergeant (D:8)
  Dowan (D:4)
  3 scorpions
  5 wights (D:6)
  2 crimson imps
  Crazy Yiuf (D:4)
  3 hounds
  A jelly (D:5)
  3 orc priests
  2 centaur skeletons
  A giant frog skeleton (D:5)
  A gnoll shaman (D:7)
  5 iguanas
  3 human skeletons (D:6)
  4 orc wizards
  7 worker ants
  A hound skeleton (D:5)
  8 mummies (Ossuary)
  13 gnolls
  A howler monkey skeleton (D:6)
  7 adders
  35 river rats
  4 adder skeletons
  3 worms
  5 giant geckos
  24 orcs
  5 ball pythons
  3 giant cockroaches
  3 hobgoblins
  10 jackals (D:2)
  10 kobolds
  6 quokkas
  A ball python skeleton (D:4)
  5 bats
  3 giant newts
  2 gnoll zombies (Ossuary)
  9 goblins
  A jackal skeleton (D:5)
  2 kobold zombies (Ossuary)
  7 orc zombies
  7 rats
  3 fungi (Lair:3)
274 creatures vanquished.

Vanquished Creatures (others)
  6 fungi (Lair:3)
  26 plants
32 creatures vanquished.

Grand Total: 306 creatures vanquished

Notes
Turn   | Place    | Note
--------------------------------------------------------------
     0 | D:1      | shmeve the Minotaur Berserker began the quest for the Orb.
     0 | D:1      | Reached XP level 1. HP: 19/19 MP: 0/0
   308 | D:1      | Reached XP level 2. HP: 25/27 MP: 1/1
  1205 | D:2      | Found a glowing golden altar of the Shining One.
  1249 | D:2      | Reached ** piety under Trog
  1249 | D:2      | Reached XP level 3. HP: 27/33 MP: 2/2
  1743 | D:2      | Reached XP level 4. HP: 41/41 MP: 3/3
  2218 | D:3      | Reached *** piety under Trog
  2317 | D:3      | Found an opulent altar of Gozag.
  2399 | D:3      | Found an oddly glowing altar of Pakellas.
  2399 | D:3      | Found a blossoming altar of Fedhas.
  2561 | D:3      | Reached skill level 5 in Axes
  2727 | D:3      | Reached skill level 5 in Fighting
  2727 | D:3      | Reached XP level 5. HP: 48/48 MP: 4/4
  3020 | D:4      | Noticed an ogre
  3029 | D:4      | Killed an ogre
  3050 | D:4      | Noticed Sigmund
  3057 | D:4      | Killed Sigmund
  3057 | D:4      | Reached XP level 6. HP: 57/57 MP: 5/5
  3249 | D:4      | Noticed Edmund
  3274 | D:4      | Killed Edmund
  3274 | D:4      | Reached XP level 7. HP: 48/64 MP: 6/6
  3354 | D:4      | Got a slimy war axe
  3355 | D:4      | Identified the +3 war axe of Isomuint {flame, *Drain rN++ Str+3} (You found it on level 4 of the Dungeon)
  3640 | D:4      | Noticed Duvessa
  3640 | D:4      | Noticed Dowan
  3645 | D:4      | Killed Dowan
  3648 | D:4      | Killed Duvessa
  3696 | D:4      | Noticed Crazy Yiuf
  3702 | D:4      | Killed Crazy Yiuf
  3822 | D:5      | Entered Level 5 of the Dungeon
  3851 | D:5      | Reached skill level 5 in Armour
  4076 | D:5      | Reached XP level 8. HP: 19/73 MP: 7/7
  4425 | D:5      | Found a basalt altar of Yredelemnul.
  4444 | D:5      | Reached skill level 5 in Dodging
  4614 | D:5      | Found a white marble altar of Elyvilon.
  4678 | D:5      | Found a shattered altar of Ashenzari.
  4712 | D:5      | Reached **** piety under Trog
  5205 | D:6      | Found a sand-covered staircase.
  5210 | D:6      | Reached XP level 9. HP: 82/83 MP: 8/8
  5214 | Ossuary  | Entered an ossuary
  6158 | D:7      | Found a staircase to the Ecumenical Temple.
  6572 | D:8      | Reached skill level 10 in Fighting
  6575 | D:8      | Reached skill level 10 in Axes
  6718 | D:8      | Reached ***** piety under Trog
  6779 | D:8      | Reached skill level 1 in Shields
  6876 | D:8      | Found a glowing silver altar of Zin.
  6876 | D:8      | Noticed an angel
  6992 | D:8      | Found a staircase to the Lair.
  7184 | Lair:1   | Entered Level 1 of the Lair of Beasts
  7296 | Lair:1   | Noticed a komodo dragon
  7804 | Lair:2   | Noticed an oklob plant
  7862 | Lair:2   | Reached skill level 5 in Shields
  7862 | Lair:2   | Reached XP level 10. HP: 88/93 MP: 9/9
  8520 | Lair:3   | Noticed a black mamba
  8525 | Lair:3   | Killed a black mamba
  8530 | Lair:3   | Received a gift from Trog
  8648 | Lair:3   | Noticed a four-headed hydra
  8661 | Lair:3   | Killed an 11-headed hydra
  8661 | Lair:3   | Reached skill level 10 in Shields
  8720 | Lair:3   | Noticed Sonja
  8852 | Lair:3   | Noticed a four-headed hydra
  8858 | Lair:3   | Killed a one-headed hydra
  8937 | Lair:3   | Reached XP level 11. HP: 81/101 MP: 10/10
  9129 | Lair:3   | Killed Sonja
  9317 | Lair:3   | Received a gift from Trog
  9543 | Lair:3   | Slain by a komodo dragon

Skill      XL: |  1  2  3  4  5  6  7  8  9 10 11 |
---------------+----------------------------------+-----
Axes           | 4 5 6 7 8 10 11 | 11.0
Fighting       | 4 5 6 7 9 10 11 | 11.0
Armour         | 3 4 5 6 7 |  7.6
Dodging        | 3 4 5 6 |  6.8
Shields        | 5 10 11 | 11.1

Action                   |  1- 3 |  4- 6 |  7- 9 | 10-12 || total
-------------------------+-------+-------+-------+-------++-------
Melee: Hand axe          |   105 |    99 |       |       ||   204
       Headbutt          |    15 |    21 |    47 |    30 ||   113
       War axe           |       |       |   242 |   216 ||   458
       Broad axe         |       |       |       |    39 ||    39
Invok: Berserk           |       |     2 |     5 |     5 ||    12
       Trog's Hand       |       |       |     1 |     6 ||     7
       Burn Spellbooks   |       |       |     1 |       ||     1
Evoke: Wand              |       |     4 |    16 |     3 ||    23
 Stab: Confused          |       |       |       |     1 ||     1
  Eat: Chunk             |     2 |     8 |    17 |     6 ||    33
       Fruit             |       |       |     7 |       ||     7
       Beef jerky        |       |       |       |     1 ||     1
Armor: Chain mail        |    57 |    50 |   120 |   274 ||   501
Dodge: Dodged            |    55 |    34 |   145 |    79 ||   313
Block: Large shield      |       |       |       |   346 ||   346
